 Dungeon Crawl Stone Soup version 0.24.0-37-gcf1ca852f1 (webtiles) character file.

Game seed: 14133190982380739902, levelgen mode: deterministic

732 grindst0ne the Archer (level 7, -4/60 HPs)
             Began as a Centaur Hunter on Nov 21, 2019.
             Was an Initiate of Cheibriados.
             Shot with an arrow by a centaur (13 damage)
             ... on level 5 of the Dungeon.
             The game lasted 00:08:33 (4806 turns).

grindst0ne the Archer (Centaur Hunter)              Turns: 4806, Time: 00:08:34

Health: -4/60      AC:  6    Str: 15    XL:     7   Next: 45%
Magic:  7/7        EV:  9    Int: 11    God:    Cheibriados [......]
Gold:   27         SH:  0    Dex: 13    Spells: 6/6 levels left

rFire    . . .     SeeInvis .   a - +1 shortbow
rCold    . . .     Gourm    .   (shield currently unavailable)
rNeg     . . .     Faith    .   c - +0 leather armour
rPois    .         Spirit   .   (no helmet)
rElec    .         Reflect  .   m - +1 cloak
rCorr    .         Harm     .   (no gloves)
MR       .....                  (no barding)
Stlth    +.........             (no amulet)
HPRegen  0.20/turn              (no ring)
MPRegen  0.10/turn              (no ring)

@: marked, hasted, very quick
A: large, hooves 3, deformed body, speed 2, tough skin 3
a: Bend Time, Renounce Religion


You were on level 5 of the Dungeon.
You worshipped Cheibriados.
Cheibriados was noncommittal.
You were hungry.

You visited 2 branches of the dungeon, and saw 6 of its levels.

You collected 153 gold pieces.
You spent 126 gold pieces at shops.

Inventory:

Hand Weapons
 a - a +1 shortbow (weapon)
 b - a +0 dagger of venom
 i - a +2 dagger of holy wrath
 n - a +0 short sword
Missiles
 d - 4 arrows (quivered)
Armour
 c - a +0 leather armour (worn)
 h - a +0 chain mail
 m - a +1 cloak (worn)
Jewellery
 s - a +5 ring of protection
Scrolls
 g - 6 scrolls of identify {unknown}
 j - 5 scrolls of teleportation {unknown}
 l - 5 scrolls of remove curse {unknown}
 o - 2 scrolls of random uselessness {unknown}
 q - a scroll of enchant weapon {unknown}
 r - a scroll of magic mapping {unknown}
 u - 3 scrolls of amnesia {unknown}
 v - a scroll of noise {unknown}
Potions
 e - 2 potions of haste
 k - a potion of mutation {unknown}
 p - 3 potions of curing {unknown}
 t - a potion of agility {unknown}
 x - a potion of flight {unknown}
 z - a potion of degeneration {unknown}
Comestibles
 f - 7 rations


   Skills:
 + Level 4.4 Fighting
 + Level 10.7 Bows
 - Level 1.3 Dodging
 - Level 0.4 Stealth


You had 6 spell levels left.
You didn't know any spells.
Your spell library was empty.

Dungeon Overview and Level Annotations

Branches:
Dungeon (5/15)             Temple (1/1) D:5

Altars:
Ashenzari
Cheibriados
Dithmenos
Elyvilon
Fedhas
Gozag
Kikubaaqudgha
Makhleb
Nemelex Xobeh
Sif Muna
Vehumet
Wu Jian
Xom
Zin
The Shining One

Shops:
D:4 %[


Innate Abilities, Weirdness & Mutations

You have hooves in place of feet.
Armour fits poorly on your strangely shaped body.
You cover ground very quickly.
You have extremely tough skin. (AC +3)


Message History

Aim: a centaur You shoot an arrow.
The arrow hits the centaur but does no damage.
The centaur hits you.
* * * LOW HITPOINT WARNING * * *
The centaur wields a +0 shortbow.
The centaur shoots an arrow.
The arrow hits you.
* * * LOW HITPOINT WARNING * * *
You see here an arrow.
Firing (i - inventory)
d - 5 arrows (quivered)
Press: ? - help, Shift-Dir - straight line, f/p - centaur
Aim: a centaur, wielding a +0 shortbow You shoot an arrow.
The arrow hits the centaur.
The centaur is lightly wounded.
The centaur shoots an arrow.
The arrow misses you.
The howler monkey hoots and howls with incredible vigour!
It was a potion of haste.
You feel yourself speed up.
Cheibriados forgives your accidental hurry, just this once.
The centaur shoots an arrow.
The arrow hits you!
You die...

# ##.# .... ##
# ###..#
...##.###@..#
......#.(.###
......hc######
...###.O.....##
#.8.8.8..#
#..(.⌠...##.
#.8.>.8..##.#
#..o(⌠.O.##.#
#.8.8.8.....#


You could see an ogre, a centaur and a howler monkey.

Vanquished Creatures
  2 ogres (D:4)
  A centaur (D:4)
  A hound (D:5)
  2 orc priests (D:4)
  2 orc wizards (D:4)
  An iguana (D:4)
  4 worker ants (D:4)
  3 gnolls (D:4)
  8 adders
  An ooze (D:2)
  An adder skeleton (D:5)
  2 worms
  7 dart slugs
  2 leopard geckos (D:4)
  15 orcs (D:4)
  5 giant cockroaches
  4 goblins
  3 hobgoblins
  2 jackals (D:3)
  2 ball pythons
  7 bats
  6 frilled lizards
  4 kobolds
  10 rats
95 creatures vanquished.

Vanquished Creatures (others)
  A dart slug (D:5)
1 creature vanquished.

Grand Total: 96 creatures vanquished

Notes
Turn   | Place    | Note
-------+----------+-------------------------------------------
     0 | D:1      | grindst0ne the Centaur Hunter began the quest for the Orb.
     0 | D:1      | Reached XP level 1. HP: 17/17 MP: 1/1
   335 | D:1      | Reached XP level 2. HP: 24/24 MP: 2/2
   365 | D:1      | Reached skill level 6 in Bows
  1403 | D:2      | Reached XP level 3. HP: 29/29 MP: 3/3
  1410 | D:2      | Found a shadowy altar of Dithmenos.
  1576 | D:2      | Reached skill level 7 in Bows
  1962 | D:2      | Reached XP level 4. HP: 36/36 MP: 4/4
  2459 | D:3      | Found a glowing silver altar of Zin.
  2562 | D:3      | Reached skill level 8 in Bows
  2736 | D:4      | Found an ancient bone altar of Kikubaaqudgha.
  2744 | D:4      | Noticed an ogre
  2752 | D:4      | Killed an ogre
  2752 | D:4      | Reached skill level 9 in Bows
  2752 | D:4      | Reached XP level 5. HP: 41/41 MP: 5/5
  2949 | D:4      | Reached XP level 6. HP: 48/48 MP: 6/6
  3216 | D:4      | Reached skill level 10 in Bows
  3472 | D:4      | Found Zungox's Armour Shop.
  3480 | D:4      | Bought a +1 cloak for 126 gold pieces
  3523 | D:4      | Reached XP level 7. HP: 58/58 MP: 7/7
  4403 | D:4      | Found Ysioluer's Food Boutique.
  4436 | D:4      | Found a sparkling altar of Nemelex Xobeh.
  4495 | D:5      | Entered Level 5 of the Dungeon
  4688 | D:5      | Found a staircase to the Ecumenical Temple.
  4697 | Temple   | Entered the Ecumenical Temple
  4755 | Temple   | Became a worshipper of Cheibriados the Contemplative
  4806 | D:5      | Shot with an arrow by a centaur

Levels and vault maps discovered:
D:1:      dpeg_arrival_round_c, layout_basic
D:2:      layout_basic, first_ration, grunt_dithmenos_smoke
D:3:      layout_rooms, lemuel_coloured_pillars_altar
D:4:      minmay_door_path, layout_basic, lemuel_crystal_altar,
          kennysheep_little_box, serial_shops, shop, shop
D:5:      layout_rooms, grunt_qazlal_clouds, eat_drink_and_be_merry_uskayaw,
          lemuel_zombie_altar_yredelemnul,
          minmay_temple_entry_statues_fountains, portal_sewer_entry_a,
          serial_glass, glass_columns_b, glass_columns_a, glass_columns_c,
          glass_columns_a, glass_columns_c, glass_columns_b, uniq_prince_ribbit1
Temple:   minmay_temple_bridge_abc

Skill      XL: |  1  2  3  4  5  6  7 |
---------------+----------------------+-----
Bows           | 6 7 9 10 | 10.7
Fighting       | 3 4 |  4.4
Dodging        | |  1.3
Stealth        | |  0.4

Action                   |  1- 3 |  4- 6 |  7- 9 || total
-------------------------+-------+-------+-------++-------
Melee: Dagger            |    18 |       |       ||    18
       Kick              |     4 |       |       ||     4
 Fire: Shortbow          |    67 |   134 |    91 ||   292
  Use: Potion            |       |       |     1 ||     1
  Eat: Chunk             |     2 |     3 |     3 ||     8
Armor: Leather armour    |    10 |    12 |    15 ||    37
Dodge: Dodged            |    16 |    13 |    16 ||    45
